 Dungeon Crawl Stone Soup version 0.24.1-14-gf8d2b509d9 (webtiles) character file.

Game seed: 13371529432880734654, levelgen mode: deterministic

1764 solopath the Geomancer (level 9, 0/57 HPs)
             Began as a Formicid Earth Elementalist on June 14, 2021.
             Was a Follower of Okawaru.
             Shot with an arrow by a centaur (5 damage)
             ... on level 6 of the Dungeon.
             The game lasted 00:14:03 (7118 turns).

solopath the Geomancer (FoEE)                       Turns: 7118, Time: 00:14:04

Health: 0/57       AC:  4    Str: 13    XL:     9   Next: 28%
Magic:  12/17      EV: 12    Int: 18    God:    Okawaru [*.....]
Gold:   425        SH:  0    Dex: 11    Spells: 7/19 levels left

rFire    . . .     SeeInvis +   j - +2 short sword (speed)
rCold    . . .     Gourm    .   (no shield)
rNeg     . . .     Faith    .   c - +0 robe
rPois    +         Spirit   .   (helmet unavailable)
rElec    .         Reflect  .   s - +0 cloak {rPois}
rCorr    +         Harm     .   z - +0 pair of gloves
MR       +....                  (no boots)
Stlth    +++.......             (no amulet)
HPRegen  0.19/turn              r - ring of protection from magic
MPRegen  0.15/turn              v - ring of resist corrosion

@: very slightly contaminated
A: permanent stasis, dig shafts and tunnels, four strong arms, antennae 3
a: Dig, Shaft Self, Heroism, Renounce Religion


You were on level 6 of the Dungeon.
You worshipped Okawaru.
Okawaru was aware of your devotion.
You were not hungry.

You visited 1 branch of the dungeon, and saw 8 of its levels.

You collected 425 gold pieces.

Inventory:

Hand Weapons
 a - a +0 short sword
 j - a +2 short sword of speed (weapon)
Missiles
 b - 88 stones (quivered)
Armour
 c - a +0 robe (worn)
 s - a +0 cloak of poison resistance (worn)
 z - a +0 pair of gloves (worn)
 B - the +1 large shield of Immorality {rCorr Int+5, unknown}
   (You found it on level 5 of the Dungeon)

   It affects your intelligence (+5).
   It provides partial protection from all sources of acid and corrosion.
Jewellery
 r - a ring of protection from magic (left hand)
 v - a ring of resist corrosion (right hand)
Wands
 q - a wand of polymorph (11)
Scrolls
 e - 4 scrolls of teleportation {unknown}
 f - 13 scrolls of identify {unknown}
 g - 7 scrolls of remove curse {unknown}
 l - a scroll of fear {unknown}
 m - a scroll of enchant weapon {unknown}
 n - a scroll of enchant armour {unknown}
 u - 2 scrolls of magic mapping {unknown}
 w - 3 scrolls of fog {unknown}
 x - a scroll of blinking {unknown}
 y - a scroll of immolation {unknown}
 D - a scroll of brand weapon {unknown}
Potions
 h - a potion of magic
 i - 2 potions of resistance
 k - 4 potions of degeneration {unknown}
 o - 3 potions of heal wounds {unknown}
 p - 3 potions of might {unknown}
 t - a potion of ambrosia {unknown}
 A - 2 potions of invisibility {unknown}
 C - a potion of experience {unknown}
Comestibles
 d - 11 rations
 E - 7 chunks of flesh


   Skills:
 * Level 4.5 Short Blades
 - Level 1.7 Dodging
 - Level 6.6 Stealth
 + Level 4.6 Shields
 - Level 5.6 Spellcasting
 + Level 2.4 Transmutations
 - Level 8.0 Earth Magic


You had 7 spell levels left.
You knew the following spells:

 Your Spells              Type           Power        Failure   Level  Hunger
a - Sandblast             Erth           ####..       1%          1    None
b - Passwall              Tmut/Erth      ###.....     2%          2    None
c - Petrify               Tmut/Erth      ###.....     14%         4    ####...
d - Lee's Rapid Deconstr  Erth           ####......   13%         5    #####..

Your spell library contained the following spells:

 Spells                   Type           Power        Failure   Level  Hunger
 Stone Arrow              Conj/Erth      ###...       8%          3    ##.....
 Corona                   Hex            #......      13%         1    None
 Slow                     Hex            #.......     19%         2    None
 Leda's Liquefaction      Hex/Erth       ###.......   24%         4    ####...
 Inner Flame              Hex/Fire       #.......     36%         3    ##.....
 Portal Projectile        Hex/Tloc       #.....       36%         3    ##.....
 Cause Fear               Hex            #.........   77%         4    ####...


Dungeon Overview and Level Annotations

Branches:
Dungeon (8/15)               Lair (0/6) D:8
 Temple: D:4-7

Altars:
Gozag
Hepliaklqana
Okawaru


Innate Abilities, Weirdness & Mutations

You cannot be hasted, slowed, berserked, paralysed or teleported.
You can dig through walls and to a lower floor.
Your four strong arms can wield two-handed weapons with a shield.
You have a pair of large antennae on your head. (SInv)


Message History

The centaur is too close now for your liking.
A centaur is nearby!
Casting: Petrify (safe; 14% risk of failure)
Confirm with . or Enter, or press ? or * to list all spells.
Aiming: Petrify (safe; 14% risk of failure)
Press: ? - help, Shift-Dir - straight line, f - centaur
Aim: a centaur (hasn't noticed you, chance to defeat MR: 52%)
The centaur shouts!
The centaur resists with significant effort.
The centaur wields a +0 shortbow.
The centaur shoots an arrow.
The arrow hits you!
Are you sure you want to shaft yourself?
You feel quite a bit more hungry.
The centaur shoots an arrow.
The arrow hits you!
* * * LOW HITPOINT WARNING * * *
The centaur shoots an arrow.
The arrow hits you!
* * * LOW HITPOINT WARNING * * *
You begin to dig a shaft.
You continue digging a shaft.
The centaur shoots an arrow.
The arrow hits you.
You die...

......#..##### ######.#
............####...#..#
..###........##......## ###
...#.............##### ##.##
..................## ##..<#
...................# ####....#
..........).....รท..###...##..##
..#........##......##.........##
.###........#...@...#......##..#
..#...........)...............###
########..#..........###.....##.#
..........##......<......##......
..#..#....#..........##..#......#
.....................##...##.##..
..#..#...............###.>.......
................c..### #......##<
########......##.### ##..##.###


You could see a centaur.

Vanquished Creatures
  A hungry ghost (D:7)
  An ice beast (D:6)
  A black bear (D:6)
  A phantom (D:7)
  A sky beast (D:7)
  4 ogres
  A centaur (D:5)
  2 bullfrogs
  A scorpion (D:7)
  A wyvern skeleton (D:8)
  A howler monkey (D:7)
  A crimson imp (D:5)
  A hound (D:6)
  A centaur zombie (D:8)
  Crazy Yiuf (D:2)
  Natasha (thrice) (D:4)
  An iguana (D:6)
  2 orc wizards (D:4)
  3 worker ants
  Robin (D:2)
  A howler monkey skeleton (D:4)
  10 adders
  An ooze (D:2)
  An adder skeleton (D:4)
  4 worms
  3 dart slugs
  6 leopard geckos
  20 orcs
  4 bats
  4 giant cockroaches
  14 hobgoblins
  5 quokkas
  2 ball pythons (D:1)
  7 frilled lizards
  13 goblins
  6 kobolds
  5 rats
135 creatures vanquished.

Notes
Turn   | Place    | Note
-------+----------+-------------------------------------------
     0 | D:1      | solopath the Formicid Earth Elementalist began the quest
                  | for the Orb.
     0 | D:1      | Reached XP level 1. HP: 13/13 MP: 3/3
   105 | D:1      | Reached skill level 4 in Earth Magic
   147 | D:1      | Reached XP level 2. HP: 17/19 MP: 3/5
   174 | D:1      | Learned a level 2 spell: Passwall
   760 | D:2      | Reached XP level 3. HP: 5/24 MP: 4/6
  1148 | D:2      | Reached skill level 5 in Earth Magic
  1369 | D:2      | Reached XP level 4. HP: 19/30 MP: 2/7
  1545 | D:2      | Noticed Robin
  1547 | D:2      | Killed Robin
  1998 | D:2      | Found a runed translucent door.
  1999 | D:2      | Noticed Crazy Yiuf
  2007 | D:2      | Killed Crazy Yiuf
  2007 | D:2      | Reached XP level 5. HP: 35/35 MP: 3/9
  2448 | D:3      | Reached skill level 6 in Earth Magic
  2824 | D:3      | Learned a level 4 spell: Petrify
  3074 | D:4      | Noticed Natasha
  3078 | D:4      | Killed Natasha
  3078 | D:4      | Reached XP level 6. HP: 35/41 MP: 5/11
  3415 | D:4      | Noticed an ogre
  3424 | D:4      | Killed an ogre
  3493 | D:4      | Reached skill level 7 in Earth Magic
  3886 | D:4      | Noticed an ogre
  3892 | D:4      | Killed an ogre
  3892 | D:4      | Reached XP level 7. HP: 20/46 MP: 7/12
  4121 | D:4      | Noticed Natasha
  4132 | D:4      | Killed Natasha
  4204 | D:4      | Noticed Natasha
  4215 | D:4      | Killed Natasha
  4215 | D:4      | Reached skill level 1 in Short Blades
  4435 | D:5      | Entered Level 5 of the Dungeon
  5015 | D:5      | Reached skill level 8 in Earth Magic
  5311 | D:5      | Got a fine large shield
  5337 | D:6      | Reached skill level 5 in Stealth
  5337 | D:6      | Reached skill level 1 in Shields
  5337 | D:6      | Reached XP level 8. HP: 52/52 MP: 11/14
  5701 | D:6      | Found a hazy altar of Hepliaklqana.
  5780 | D:6      | Found an iron altar of Okawaru.
  5792 | D:6      | Became a worshipper of Warmaster Okawaru
  5872 | D:6      | You fall into a shaft and drop 2 floors!
  5953 | D:8      | Found a staircase to the Lair.
  5987 | D:8      | Reached skill level 5 in Spellcasting
  6211 | D:8      | Found an opulent altar of Gozag.
  6229 | D:8      | Learned a level 5 spell: Lee's Rapid Deconstruction
  6573 | D:7      | Reached * piety under Okawaru
  6722 | D:7      | Reached XP level 9. HP: 26/57 MP: 17/17
  7118 | D:6      | Shot with an arrow by a centaur

Levels and vault maps discovered:
D:1:      dpeg_arrival_arbitrary_c, layout_basic, kennysheep_crisscross
D:2:      layout_basic, minmay_quadrilaterals, uniq_robin,
          uniq_crazy_yiuf_cottage
D:3:      layout_basic
D:4:      layout_basic, first_ration, uniq_natasha
D:5:      layout_loops_ring
D:6:      layout_cave_pools, nicolae_overflow_hidden_temple,
          columned_hall_lemuel, ldierk_geyser
D:7:      layout_gridville, minmay_temple_entry_mini_moons, serial_shops, shop
D:8:      layout_loops_ring, nicolae_gozag_seed_capital, slow_altar_1,
          lair_entry_dummy, uniq_grum

Skill      XL: |  1  2  3  4  5  6  7  8  9 |
---------------+----------------------------+-----
Earth Magic    | 4 5 6 7 8 |  8.0
Spellcasting   | 3 4 5 |  5.6
Stealth        | 3 4 5 6 |  6.6
Short Blades   | 1 3 4 |  4.5
Shields        | 1 3 4 |  4.6
Transmutations | 2 |  2.4
Dodging        | |  1.7

Action                   |  1- 3 |  4- 6 |  7- 9 || total
-------------------------+-------+-------+-------++-------
Melee: Short sword       |    94 |   134 |   264 ||   492
Throw: Stone             |       |       |     1 ||     1
 Cast: Sandblast         |    12 |    73 |    35 ||   120
       Petrify           |       |     3 |     4 ||     7
       Passwall          |       |       |     4 ||     4
 Abil: Dig               |       |       |     4 ||     4
       Shaft Self        |       |       |     2 ||     2
  Use: Potion            |       |       |     2 ||     2
 Stab: Sleeping          |     2 |     1 |    11 ||    14
       Petrified         |       |     8 |     3 ||    11
       Petrifying        |       |       |     1 ||     1
  Eat: Chunk             |     1 |     9 |    10 ||    20
       Ration            |       |       |     1 ||     1
Armor: Robe              |    23 |    30 |    38 ||    91
Dodge: Dodged            |    58 |    80 |    93 ||   231
